 Dungeon Crawl Stone Soup version 0.17.0-18-gaab0e96 (console) character file.

221 gw the Chopper (level 5, -1/47 HPs)
             Began as a Hill Orc Fighter on Nov 11, 2015.
             Was an Initiate of Trog.
             Slain by a gnoll
             ... wielding a +0 spear
              (3 damage)
             ... on level 3 of the Dungeon.
             The game lasted 00:01:59 (1845 turns).

gw the Chopper (Hill Orc Fighter)                   Turns: 1845, Time: 00:01:59

Health: -1/47      AC: 11    Str: 19    XL:     5   Next: 98%
Magic:  5/5        EV:  3    Int:  8    God:    Trog [......]
Gold:   104        SH:  9    Dex: 11    Spells: 0 memorised, 4 levels left

rFire  . . .     SeeInvis .     b - +0 war axe (freeze)
rCold  . . .     Clarity  .     g - +0 plate armour
rNeg   . . .     SustAt   .     c - +0 shield
rPois  .         Gourm    .     (no helmet)
rElec  .         Spirit   .     (no cloak)
rCorr  .         Warding  .     (no gloves)
rMut   .         Stasis   .     (no boots)
MR     .....                    (no amulet)
Stlth  ..........               (no ring)
                                (no ring)

@: not resistant to hostile enchantments, extremely unstealthy
A: no striking features
a: Burn Spellbooks, Renounce Religion


You were on level 3 of the Dungeon.
You worshipped Trog.
Trog was noncommittal.
You were not hungry.

You visited 1 branch of the dungeon, and saw 3 of its levels.

You collected 104 gold pieces.

Inventory:

Hand Weapons
 b - a +0 war axe of freezing (weapon)
Missiles
 a - 2 poisoned needles
 d - 48 stones (quivered)
 f - 2 curare-tipped needles
Armour
 c - a +0 shield (worn)
 g - a +0 plate armour (worn)
Comestibles
 e - 2 bread rations


   Skills:
 + Level 4.6 Fighting
 * Level 4.8 Axes
 + Level 1.9 Throwing
 + Level 4.1 Armour
 + Level 4.1 Shields


You had 4 spell levels left.
You didn't know any spells.

Dungeon Overview and Level Annotations

Branches:
Dungeon (3/15)

Altars:
Trog
Vehumet


Message History

You block the gnoll's attack.
The gnoll hits you from afar with a spear!
The gnoll hits you but does no damage.
Unknown command.
Unknown command.
Unknown command.
Unknown command.
ATTACK MOVE TO (0,1)
You slash the worm! You freeze the worm.
You kill the worm!
Trog accepts your kill.
The gnoll hits you from afar with a spear.
The gnoll hits you but does no damage. x2
Unknown command.
Unknown command.
Unknown command.
Unknown command.
ATTACK MOVE TO (0,1)
The gnoll hits you but does no damage. The gnoll hits you with a spear.
You die...

#.~~~ #.~~~ . .. #.~~## #.#.
#.~~#. #.#.## #.~~#g
#....#### #.~~##
###+#....').# #.~~~~
.........##o#+####### #.~~w~
..........ggg.......###..P..
............................
........................$...
............................
...........................<
......############..........
####.. #.......... ##
#..........


You could see 3 gnolls.

Table legend:
 A = Turns spent in this place as a percentage of turns spent in the entire game.
 B = Non-inter-level travel turns spent in this place as a percentage of non-inter-level travel turns spent in the entire game.
 C = Inter-level travel turns spent in this place as a percentage of turns spent in this place.
 D = Turns resting spent in this place as a percentage of non-inter-level travel turns spent in this place.
 E = Turns spent auto-exploring this place as a percentage of non-inter-level travel turns spent in this place.
 F = Non-inter-level travel turns spent in this place divided by the number of levels of this place that you've seen.
                   A       B       C       D       E      F
               +-------+-------+-------+-------+-------+----------------------
         Total | 100.0 | 100.0 |   0.3 |   0.7 |   2.6 | 965.3
       Dungeon | 100.0 | 100.0 |   0.3 |   0.7 |   2.6 | 965.3
               +-------+-------+-------+-------+-------+----------------------

Table legend:
 A = Kills in this place as a percentage of kills in entire the game.
 B = Kills by you in this place as a percentage of kills by you in the entire game.
 C = Kills by friends in this place as a percentage of kills by friends in the entire game.
 D = Other kills in this place as a percentage of other kills in the entire game.
 E = Experience gained in this place as a percentage of experience gained in the entire game.
 F = Experience gained in this place divided by the number of levels of this place that you have seen.
                   A       B       C       D       E      F
               +-------+-------+-------+-------+-------+----------------------
         Total | 100.0 | 100.0 |  -nan |  -nan | 100.0 | 105.7
       Dungeon | 100.0 | 100.0 |  -nan |  -nan | 100.0 | 105.7
               +-------+-------+-------+-------+-------+----------------------

Vanquished Creatures
  Sigmund (D:2)
  2 gnolls (D:3)
  A worm (D:3)
  3 orcs (D:3)
  8 hobgoblins
  4 jackals
  A quokka (D:2)
  A ball python (D:2)
  7 bats
  6 giant newts
  2 goblins
  6 kobolds
  4 rats (D:1)
46 creatures vanquished.

Notes
Turn   | Place    | Note
--------------------------------------------------------------
     0 | D:1      | gw the Hill Orc Fighter began the quest for the Orb.
     0 | D:1      | Reached XP level 1. HP: 19/19 MP: 1/1
   265 | D:1      | Reached XP level 2. HP: 27/27 MP: 2/2
   916 | D:2      | Reached XP level 3. HP: 33/33 MP: 3/3
  1078 | D:2      | Noticed Sigmund
  1085 | D:2      | Killed Sigmund
  1085 | D:2      | Reached skill level 4 in Fighting
  1085 | D:2      | Reached skill level 1 in Throwing
  1085 | D:2      | Reached XP level 4. HP: 28/41 MP: 4/4
  1085 | D:2      | Reached XP level 5. HP: 32/47 MP: 5/5
  1413 | D:2      | Found a bloodstained altar of Trog.
  1421 | D:2      | Became a worshipper of Trog the Wrathful
  1459 | D:2      | Found a radiant altar of Vehumet.
  1844 | D:3      | HP: 2/47 [gnoll/spear (3)]
  1845 | D:3      | Slain by a gnoll

Action                   |  1- 3 |  4- 6 || total
-------------------------+-------+-------++-------
Melee: War axe           |    80 |    40 ||   120
Throw: Stone             |    41 |    18 ||    59
  Use: Potion            |     1 |       ||     1
  Eat: Chunk             |     1 |     2 ||     3

Vault maps used:
D:1:      minmay_arrival_loop
D:2:      lemuel_round_altar, bloody_trog, uniq_sigmund
D:3:      lemuel_castle_with_subvaults, first_bread, corexii_hall_statues_i,
          minmay_unequal
